 Dungeon Crawl Stone Soup version 0.27.1 (webtiles) character file.

Game seed: 203540213257707556

949991 pkoi the Hoplite (level 27, 0/266 HPs)
             Began as a Minotaur Fighter on Sept 2, 2021.
             Was the Champion of the Shining One.
             Succumbed to Gloorx Vloq's dark miasma
             ... in Pandemonium on Sept 4, 2021.
             The game lasted 04:27:14 (133398 turns).

pkoi the Hoplite (Minotaur Fighter)               Turns: 133398, Time: 04:27:15

Health: 0/266      AC: 42    Str: 25    XL:     27
Magic:  1/33       EV: 20    Int:  9    God:    the Shining One [******]
Gold:   4779       SH: 19    Dex: 19    Spells: 33/44 levels left

rFire    + + .     SeeInvis .   j - +9 sacred scourge (holy)
rCold    + + .     Faith    .   O - +0 kite shield {reflect}
rNeg     + + +     Spirit   +   L - +9 gold dragon scales of Hide-and-Seek {+Inv rPois rF+ rC+ rN+++ Str+3 Dex-3}
rPois    +         Reflect  +   t - +2 hat
rElec    .         Harm     .   K - scarf {rC+ rF+}
rCorr    +         Rampage  .   U - +0 pair of fencer's gloves {Riposte Dex+3}
Will     +++..                  H - +2 pair of boots "Doife" {rC+ Will+}
Stlth    ..........             k - amulet of guardian spirit
HPRegen  0.54/turn              Z - +4 ring of evasion
MPRegen  0.23/turn              I - ring of Ybuguocs {rC- rCorr Str-3 Dex+6 Slay+6}

@: lethally poisoned (0 -> -23), slowed, glowing, studying 2 skills, very slow
A: horns 2, retaliatory headbutt, fangs 1, low mp 1, screaming 1, weak 1
}: 7/15 runes: decaying, serpentine, silver, abyssal, demonic, glowing, fiery
a: Renounce Religion, Evoke Invisibility, Divine Shield, Cleansing Flame, Summon
Divine Warrior


You were in Pandemonium.
You worshipped the Shining One.
The Shining One was exalted by your worship.
You visited 13 branches of the dungeon, and saw 59 of its levels.
You visited Pandemonium 3 times, and saw 18 of its levels.
You visited the Abyss 4 times.
You also visited: Bailey, Gauntlet and Volcano.

You collected 12909 gold pieces.
You spent 8130 gold pieces at shops.

Inventory:

Hand Weapons
 j - a +9 sacred scourge of holy wrath (weapon)
Missiles
 b - 6 boomerangs of dispersal
 N - 2 curare-tipped darts
 S - 27 boomerangs (quivered)
 V - 35 javelins
Armour
 t - a +2 hat (worn)
 H - the +2 pair of boots "Doife" (worn) {rC+ Will+}
   (You found it on level 6 of the Lair of Beasts)

   rC:        It protects you from cold.
   Will:      It increases your willpower.
 K - a scarf of resistance (worn)
 L - the +9 gold dragon scales of Hide-and-Seek (worn) {+Inv rPois rF+ rC+ rN+++ Str+3 Dex-3}
   (You found it on level 3 of the Elven Halls)

   Str:       It affects your strength (+3).
   Dex:       It affects your dexterity (-3).
   rF:        It protects you from fire.
   rC:        It protects you from cold.
   rPois:     It protects you from poison.
   rN:        It renders you almost immune to negative energy.
   +Inv:      It lets you turn invisible.
 O - a +0 kite shield of reflection (worn)
 U - the +0 pair of fencer's gloves (worn) {Riposte Dex+3}
   (You bought it in a shop on level 7 of the Dungeon)

   It allows the wearer to riposte with any weapon, or to riposte more often
   with a long blade, swiftly retaliating against a missed attack.
   Dex:       It affects your dexterity (+3).
Jewellery
 a - the ring "Ydusegik" {rC+ rN+ Int+4}
   (You bought it in a shop on level 2 of the Orcish Mines)

   [ring of positive energy]

   Int:       It affects your intelligence (+4).
   rC:        It protects you from cold.
   rN:        It protects you from negative energy.
 k - an amulet of guardian spirit (around neck)
 r - the ring "Niciava" {rF+ rC- rCorr Str+6 Slay+2}
   (You acquired it on level 1 of the Crypt)

   [ring of strength]

   Str:       It affects your strength (+6).
   Slay:      It affects your accuracy & damage with ranged weapons and melee
   (+2).
   rF:        It protects you from fire.
   rC:        It makes you vulnerable to cold.
   rCorr:     It protects you from acid and corrosion.
 I - the ring of Ybuguocs (right hand) {rC- rCorr Str-3 Dex+6 Slay+6}
   (You found it in Pandemonium)

   [ring of dexterity]

   Str:       It affects your strength (-3).
   Dex:       It affects your dexterity (+6).
   Slay:      It affects your accuracy & damage with ranged weapons and melee
   (+6).
   rC:        It makes you vulnerable to cold.
   rCorr:     It protects you from acid and corrosion.
 R - a ring of flight
 Z - a +4 ring of evasion (left hand)
Wands
 g - a wand of acid (32)
 l - a wand of paralysis (62)
 n - a wand of polymorph (94)
 q - a wand of digging (19)
 s - a wand of iceblast (117)
 x - a wand of mindburst (26)
 G - a wand of flame (81)
 J - a wand of charming (10)
Scrolls
 c - 2 scrolls of identify
 h - 17 scrolls of blinking
 u - 6 scrolls of holy word
 v - 7 scrolls of fear
 y - 23 scrolls of teleportation
 A - 2 scrolls of summoning
 Q - 11 scrolls of magic mapping
 W - 5 scrolls of fog
Potions
 d - 8 potions of might
 e - 15 potions of haste
 f - 18 potions of heal wounds
 m - 2 potions of brilliance
 o - 9 potions of flight
 p - 32 potions of curing
 z - 10 potions of cancellation
 B - 5 potions of resistance
 C - 6 potions of berserk rage
 E - 6 potions of magic
Miscellaneous
 X - a phantom mirror


   Skills:
 + Level 25.0 Fighting
 + Level 25.6 Maces & Flails
 + Level 19.7 Throwing
 + Level 24.9 Armour
 + Level 17.9 Dodging
 - Level 6.1 Stealth
 + Level 25.7 Shields
 - Level 9.0 Spellcasting
 - Level 4.2 Hexes
 - Level 15.9 Translocations
 + Level 23.3 Invocations
 - Level 8.4 Evocations


You had 33 spell levels left.
You knew the following spells:

 Your Spells              Type           Power      Damage    Failure   Level
a - Blink                 Tloc           N/A        N/A       1%          2
b - Manifold Assault      Tloc           32%        N/A       6%          5
c - Portal Projectile     Hex/Tloc       44%        N/A       7%          3
d - Apportation           Tloc           64%        N/A       1%          1

Your spell library contained the following spells:

 Spells                   Type           Power      Damage    Failure   Level
 Gell's Gravitas          Tloc           16%        N/A       1%          3
 Lesser Beckoning         Tloc           16%        N/A       1%          3
 Teleport Other           Tloc           32%        N/A       1%          3
 Corona                   Hex            12%        N/A       26%         1
 Iskenderun's Mystic Bla  Conj/Tloc      18%        2d6       50%         4
 Confusing Touch          Hex            11%        N/A       58%         3
 Tukima's Dance           Hex            11%        N/A       58%         3
 Ensorcelled Hibernation  Hex/Ice        14%        N/A       67%         2
 Animate Skeleton         Necr           8%         N/A       82%         1
 Beastly Appendage        Tmut           8%         N/A       82%         1
 Freeze                   Ice            16%        1d4       82%         1
 Magic Dart               Conj           16%        1d3       82%         1
 Sandblast                Erth           8%         2d5       82%         1
 Summon Small Mammal      Summ           16%        N/A       82%         1
 Dazzling Flash           Conj/Hex       14%        N/A       88%         3
 Inner Flame              Hex/Fire       7%         N/A       88%         3
 Call Imp                 Summ           4%         N/A       91%         2
 Corpse Rot               Necr/Air       N/A        N/A       91%         2
 Passwall                 Tmut/Erth      3%         N/A       91%         2
 Poisonous Vapours        Pois/Air       8%         N/A       91%         2
 Sublimation of Blood     Necr           2%         N/A       91%         2
 Wereblood                Tmut           4%         N/A       91%         2
 Cause Fear               Hex            5%         N/A       94%         4
 Call Canine Familiar     Summ           4%         N/A       99%         3
 Frozen Ramparts          Ice            8%         1d2       99%         3
 Ignite Poison            Fire/Tmut/Pois 4%         N/A       99%         3
 Mephitic Cloud           Conj/Pois/Air  4%         N/A       99%         3
 Ozocubu's Armour         Ice            4%         N/A       99%         3
 Spider Form              Tmut/Pois      2%         N/A       99%         3
 Stone Arrow              Conj/Erth      8%         3d7       99%         3
 Swiftness                Air            4%         N/A       99%         3
 Leda's Liquefaction      Hex/Erth       3%         N/A       99%         4
 Animate Armour           Summ/Erth      8%         N/A       100%        4
 Dispel Undead            Necr           4%         3d7       100%        4
 Hailstorm                Conj/Ice       4%         3d4       100%        4
 Ice Form                 Ice/Tmut       4%         N/A       100%        4
 Olgreb's Toxic Radiance  Pois           4%         N/A       100%        4
 Petrify                  Tmut/Erth      4%         N/A       100%        4
 Sticky Flame             Conj/Fire      4%         2d3       100%        4
 Summon Ice Beast         Ice/Summ       4%         N/A       100%        4
 Summon Lightning Spire   Summ/Air       4%         N/A       100%        4
 Agony                    Necr           4%         N/A       100%        5
 Alistair's Intoxication  Tmut/Pois      2%         N/A       100%        5
 Bolt of Magma            Conj/Fire/Erth 2%         4d4       100%        5
 Fireball                 Conj/Fire      2%         3d4       100%        5
 Freezing Cloud           Conj/Ice/Air   2%         6-21      100%        5
 Irradiate                Conj/Tmut      2%         3d14      100%        5
 Iskenderun's Battlesphe  Conj           4%         2d6       100%        5
 Metabolic Englaciation   Hex/Ice        3%         N/A       100%        5
 Yara's Violent Unravell  Hex/Tmut       3%         3d4       100%        5
 Conjure Ball Lightning   Conj/Air       2%         3x3d6     100%        6
 Eringya's Noxious Bog    Tmut/Pois      2%         N/A       100%        6
 Invisibility             Hex            5%         N/A       100%        6
 Iron Shot                Conj/Erth      2%         9d2       100%        6
 Simulacrum               Ice/Necr       2%         N/A       100%        6
 Starburst                Conj/Fire      2%         6d3       100%        6
 Statue Form              Tmut/Erth      2%         N/A       100%        6
 Dragon Form              Tmut           2%         N/A       100%        7
 Monstrous Menagerie      Summ           2%         N/A       100%        7
 Orb of Destruction       Conj           2%         9d1       100%        7
 Ozocubu's Refrigeration  Ice            2%         4d5       100%        7
 Spellforged Servitor     Conj/Summ      2%         N/A       100%        7
 Storm Form               Tmut/Air       2%         N/A       100%        7
 Summon Hydra             Summ           2%         N/A       100%        7
 Discord                  Hex            5%         N/A       100%        8
 Ignition                 Fire           2%         3d3       100%        8
 Maxwell's Capacitive Co  Air            2%         ∞         100%        8
 Necromutation            Tmut/Necr      2%         N/A       100%        8
 Chain Lightning          Conj/Air       2%         3d2       100%        9
 Fire Storm               Conj/Fire      2%         8d1       100%        9
 Shatter                  Erth           2%         3d6*      100%        9


Dungeon Overview and Level Annotations

Branches:
Dungeon (15/15)            Temple (1/1) D:5            Lair (6/6) D:11
  Swamp (4/4) Lair:3        Snake (4/4) Lair:4        Slime (5/5) Lair:6
    Orc (2/2) D:12            Elf (3/3) Orc:2        Vaults (5/5) D:13
  Crypt (3/3) Vaults:3       Tomb (1/3) Crypt:3      Depths (5/5) D:15
    Zot (5/5) Depths:5     Bailey (visited)         Volcano (visited)
Gauntlet (visited)

Altars:
Ashenzari
Cheibriados
Dithmenos
Elyvilon
Fedhas
Gozag
Hepliaklqana
Kikubaaqudgha
Makhleb
Nemelex Xobeh
Okawaru
Qazlal
Ru
Sif Muna
Trog
Uskayaw
Vehumet
Wu Jian
Xom
Yredelemnul
Zin
The Shining One
Jiyva

Shops:
D:3 [   D:7 [   D:8 [   D:11 *   D:12 (*   D:15 =   Orc:2 ([:=   Elf:2 !
Snake:2 :   Snake:3 ![   Snake:4 *   Vaults:3 ?[??   Vaults:5 !!=!!??!!!!
Depths:2 :==

Portals:
Hell: Depths:1 Depths:2 Depths:3 Depths:4 Depths:5
Abyss: Depths:2 Depths:4 Depths:5
Pandemonium: Depths:2 Depths:3
Ziggurat: Depths:3

Annotations:
Slime:5 Royal Jelly
Crypt:1 2 transporters, Jetyrhek's ghost, veteran GrEE; Osipn's ghost, veteran MiGl
Zot:3 1 runed translucent door, Pongem's ghost, legendary MiAK
Pan Gloorx Vloq


Innate Abilities, Weirdness & Mutations

You have a pair of horns on your head.
You reflexively headbutt those who attack you in melee.
You have very sharp teeth.
Your magical capacity is low. (-10% MP)
You occasionally shout uncontrollably at your foes.
You are weak. (Str -2)


Message History

Gloorx Vloq calls on the powers of darkness!
Your daeva convulses!
Your body is wracked with pain!
* * * LOW HITPOINT WARNING * * *
The Executioner closely misses you. You furiously retaliate!
You headbutt the Executioner!
The Executioner hits you but does no damage. x2
Your daeva blocks the Executioner's attack.
The Executioner hits your daeva!
Your daeva blocks the Executioner's attack.
Gloorx Vloq gestures.
The Executioner hits you but does no damage. x3
The Executioner hits your daeva!
Your daeva dies!
A naga skeleton comes into view.
Unknown command.
Unknown command.
* * * LOW HITPOINT WARNING * * *
You feel extremely sick.
You block the Executioner's attack. x2; The Executioner closely misses you. x2
The Executioner hits you but does no damage. x2
You block the Executioner's attack. x3
Gloorx Vloq calls on the powers of darkness!
Your body is wracked with pain!
* * * LOW HITPOINT WARNING * * *
The Executioner gestures.
The Executioner seems to speed up.
The Executioner hits you!
* * * LOW HITPOINT WARNING * * *
The Executioner hits you but does no damage.
The Executioner barely misses you. Gloorx Vloq gestures at you.
The foul vapour engulfs you but does no damage.
The Executioner hits you but does no damage.
The Executioner misses you. x2
Unknown command.
You feel better.
You are engulfed in dark miasma.
You are lethally poisoned!
* * * LOW HITPOINT WARNING * * *
Your surroundings suddenly seem different.
You die...

....# #......## ##### ####....#
#....# #########....#
####............#
##...............#
.................#
.........####....# .........#
#...@# ..####.### #....# ..# #..#
#....### ..#####.###
#......############## ..........#
#......#.............
....#.....###......#.#...#.#...#.
##...#.....##....###..#.#...#.#..
..#...#..........# #.............
...#.#.#..###....# #..#..........


There were no monsters in sight!

Vanquished Creatures
  Cerebov (Pan)
  A seraph (Pan)
  Mnoleg (Pan)
  A dread lich (Zot:5)
  Khufu (Crypt:2)
  6 ancient liches
  An orb of fire (Zot:3)
  A juggernaut (Depths:2)
  Boris (twice) (Crypt:1 Crypt:3)
  Saint Roka (Crypt:2)
  2 curse toes
  7 golden dragons
  3 pandemonium lords (Pan)
  3 bone dragons
  2 pearl dragons (Pan)
  5 Tzitzimimeh (Pan)
  A hellephant (Depths:3)
  16 tentacled monstrosities
  5 Brimstone Fiends (Pan)
  An electric golem (Zot:3)
  An Ice Fiend (Pan)
  4 liches
  4 Hell Sentinels (Pan)
  4 deep elf blademasters
  8 Orb Guardians (Zot:5)
  7 quicksilver dragons
  2 deep elf master archers (Elf:3)
  6 titans
  Frances (D:13)
  An ancient champion (Tomb:1)
  15 acid blobs
  20 Executioners (Pan)
  5 death cobs
  16 sphinxes
  2 tentacled starspawn
  9 tengu reavers
  13 shadow dragons
  15 storm dragons
  6 revenants
  3 rockslimes
  17 daevas (Pan)
  3 draconian monks
  7 blood saints (Pan)
  The ghost of jayjay249 the Markself, an adept DECj of Vehumet (Snake:3)
  4 fire giants
  12 azure jellies
  An azure jelly (shapeshifter) (Vaults:5)
  7 nagarajas
  22 vault wardens
  3 draconian knights
  2 iron dragons (Vaults:5)
  5 ghost moths
  2 frost giants
  4 deep elf sorcerers
  Louise (Swamp:1)
  20 cacodemons
  2 draconian shifters
  23 balrugs (Pan)
  Aizul (Vaults:4)
  3 orc warlords
  5 warmongers (Pan)
  A caustic shrike zombie (Crypt:2)
  3 draconian scorchers
  32 angels (Pan)
  5 deep elf elementalists
  3 draconian stormcallers
  A spriggan defender (Depths:2)
  4 draconian annihilators
  A juggernaut zombie (Crypt:1)
  25 ironbound preservers
  33 very ugly things
  2 ghouls (Crypt:1)
  9 quicksilver oozes
  3 war gargoyles
  4 curse skulls
  18 ophanim (Pan)
  12 reapers
  6 corrupters (Pan)
  2 deep elf demonologists (Elf:3)
  6 bunyips
  14 stone giants
  4 vampire knights
  9 dire elephants
  9 green draconians
  13 purple draconians
  Azrael (Snake:3)
  7 spark wasps (Depths:4)
  27 apis (Pan)
  A dire elephant (shapeshifter) (Vaults:5)
  13 lorocyprocas
  12 yellow draconians
  3 white draconians
  4 black draconians
  4 black suns (Pan)
  9 deep elf annihilators
  An entropy weaver (shapeshifter) (Vaults:4)
  3 entropy weavers
  5 red draconians
  A minotaur (Gauntlet)
  A merfolk javelineer (Depths:3)
  8 eidola
  9 ettins
  8 green deaths (Pan)
  13 blizzard demons
  13 fire dragons
  2 merfolk impalers
  6 mummy priests
  A crystal guardian (Abyss:1)
  16 yaktaur captains
  12 deep elf death magi
  15 jiangshi
  A quicksilver dragon zombie (Crypt:3)
  2 shambling mangroves (Swamp:4)
  Josephine (D:15)
  6 deep elf high priests
  8 naga warriors
  12 great orbs of eyes
  7 hell beasts (Pan)
  46 vault guards
  6 ironbound thunderhulks
  2 ghost crabs (Swamp:4)
  11 boulder beetles
  2 spriggan air magi
  10 ice dragons
  A catoblepas (Lair:6)
  6 ogre magi
  26 hydras
  3 monstrous demonspawn (Pan)
  9 anacondas
  2 death knights
  9 ironbound frosthearts
  19 two-headed ogres
  30 dancing weapons
  12 centaur warriors
  9 death yaks
  8 deep troll earth magi
  7 deep troll shamans
  7 hell hogs (Depths:3)
  9 ironbound beastmasters
  6 death scarabs
  2 thrashing horrors
  10 tengu warriors
  7 vampire magi
  10 alligators
  4 shock serpents
  3 spriggan berserkers
  7 hell knights
  6 naga sharpshooters
  43 sun demons
  18 deep elf knights
  Sonja (Lair:3)
  2 storm dragon skeletons (Pan)
  A titan skeleton (Crypt:1)
  2 titan zombies (Crypt:3)
  14 sixfirhies
  2 salamander mystics (Snake:4)
  A storm dragon zombie (Crypt:3)
  A wretched star (Abyss:3)
  3 iron trolls
  110 slime creatures
  A spark wasp zombie (Depths:1)
  18 soul eaters
  9 shadow wraiths
  A golden dragon zombie (Crypt:2)
  3 goliath frogs
  A ghost moth zombie (Crypt:3)
  5 infernal demonspawn (Pan)
  11 swamp dragons
  14 skeletal warriors
  An anaconda zombie (Crypt:1)
  74 deep trolls
  10 gelid demonspawn (Pan)
  3 spriggan druids
  5 glowing orange brains
  A death drake (shapeshifter) (Depths:5)
  4 flayed ghosts
  16 cherubim (Pan)
  A quicksilver dragon simulacrum (Depths:1)
  6 bog bodies
  A swamp dragon (shapeshifter) (Depths:4)
  2 shadow dragon zombies
  7 lindwurms (Vaults:1)
  15 wizards
  6 naga ritualists
  A lindwurm (shapeshifter) (Elf:1)
  8 deep elf archers
  13 phantasmal warriors
  An iron dragon zombie (Crypt:3)
  11 ironbound convokers
  8 torturous demonspawn (Pan)
  10 shadow demons (Pan)
  An anaconda skeleton (Crypt:3)
  26 deep elf pyromancers
  Pikel (D:6)
  19 necromancers
  2 human zombies
  A golden dragon skeleton (Abyss:2)
  An oklob plant (Lair:5)
  10 mana vipers
  13 orc knights
  24 deep elf zephyrmancers
  2 manticores
  A tengu skeleton (Vaults:2)
  96 ugly things
  5 orc sorcerers
  6 shining eyes
  3 frost giant skeletons
  11 salamanders
  5 cyclopes
  A fire giant zombie (Crypt:3)
  2 frost giant zombies
  A will-o-the-wisp (Swamp:1)
  2 stone giant zombies
  24 moths of wrath
  A cyclops (shapeshifter) (Depths:4)
  4 draconians (Abyss:3)
  Maurice (Orc:1)
  A manticore (shapeshifter) (Vaults:5)
  A shadow dragon skeleton (Pan)
  23 elephants
  2 spriggan zombies
  A shock serpent zombie (Crypt:1)
  3 guardian serpents
  A moth of wrath (shapeshifter) (Elf:1)
  2 worldbinders
  6 eyes of devastation
  2 rust devils
  A dire elephant zombie (Crypt:3)
  A stone giant skeleton (Crypt:1)
  A water nymph (shapeshifter) (Depths:3)
  2 molten gargoyles (Volcano)
  17 naga magi
  12 smoke demons
  21 black mambas
  2 gargoyles
  16 vault sentinels
  2 fire giant skeletons
  28 orange demons
  2 apocalypse crabs
  Maggie (D:9)
  A rime drake (Lair:4)
  A torpor snail (Lair:4)
  16 demonic crawlers
  11 efreet
  An unseen horror (shapeshifter) (Elf:1)
  3 kobold demonologists
  8 hellions (Pan)
  A rime drake (shapeshifter) (Elf:1)
  15 cane toads
  11 komodo dragons
  17 hellwings
  54 yaktaurs
  6 tengu conjurers
  An ancient zyme (Abyss:3)
  2 ice devils (Pan)
  3 tormentors (Pan)
  A komodo dragon (shapeshifter) (Elf:1)
  8 freezing wraiths
  2 hydra zombies
  10 guardian mummies (Tomb:1)
  4 trolls
  18 red devils
  A golden dragon simulacrum (Depths:1)
  A queen bee (shapeshifter) (Elf:1)
  14 hornets
  Grinder (D:3)
  A raiju (Gauntlet)
  3 tyrant leeches
  4 polar bears
  A harpy skeleton (Crypt:3)
  A snapping turtle (shapeshifter) (Vaults:5)
  2 fire dragon zombies (Crypt:1)
  An ettin zombie (Crypt:3)
  A dream sheep (Lair:6)
  15 blink frogs
  7 air elementals
  2 hydra skeletons (Pan)
  14 flying skulls
  13 water elementals
  14 ynoxinuls
  2 ettin skeletons
  An ice dragon skeleton (Crypt:3)
  16 wraiths
  3 redbacks
  2 tarantellas (Vaults:1)
  8 ushabtiu (Tomb:1)
  A shadow (D:13)
  19 spriggans
  2 basilisks (shapeshifter)
  Sigmund (D:2)
  28 chaos spawn
  3 wyverns
  73 yaks
  3 fire elementals (Snake:3)
  A steam dragon (Gauntlet)
  16 neqoxecs
  11 vampire mosquitoes
  6 fire bats
  Eustachio (D:6)
  11 golden eyes
  2 basilisks
  3 wargs
  9 swamp worms
  A naga (shapeshifter) (Depths:2)
  An acid dragon (Gauntlet)
  A deep troll zombie (Crypt:2)
  18 water moccasins
  30 nagas
  A torturous demonspawn skeleton (Crypt:2)
  35 large abominations
  2 floating eyes
  A gelid demonspawn skeleton (Crypt:2)
  2 hell hounds (Lair:3)
  12 swamp drakes
  An infernal demonspawn skeleton (Crypt:2)
  28 orc warriors
  A cane toad skeleton (Crypt:1)
  5 black bears
  27 wolves
  2 manticore zombies
  8 boggarts
  An elephant zombie (Crypt:2)
  8 necrophages
  A boggart (shapeshifter) (Vaults:5)
  29 ogres
  12 centaurs
  An elf simulacrum (Depths:1)
  A snapping turtle skeleton (Tomb:1)
  2 lemures (D:6)
  A phantom (D:4)
  3 kobold brigands
  10 bullfrogs
  3 scorpions
  A wyvern zombie (D:7)
  3 earth elementals (Elf:1)
  An ogre simulacrum (Vaults:2)
  A water moccasin zombie (D:3)
  8 wyvern skeletons (Crypt:3)
  7 killer bees
  A swamp dragon simulacrum (Crypt:2)
  3 electric eels
  14 wights
  2 howler monkeys (D:8)
  5 lava snakes (Volcano)
  4 crimson imps (Pan)
  4 centaur zombies
  2 jellies
  A quasit (Abyss:1)
  10 starcursed masses
  A bullfrog zombie (D:7)
  A hound (D:7)
  A centaur skeleton (D:7)
  18 orc priests
  2 bullfrog skeletons
  24 orc wizards
  A scorpion zombie (D:5)
  3 iguanas
  4 hell rats (Lair:3)
  14 small abominations
  2 hound skeletons (D:5)
  26 mummies
  Robin (D:3)
  A howler monkey zombie (D:9)
  4 gnolls (D:5)
  A howler monkey skeleton (D:5)
  6 adders
  A shadow imp (D:6)
  4 white imps
  6 ufetubi
  An adder skeleton (D:2)
  3 worms
  A barachi zombie (Crypt:1)
  2 dart slugs
  74 orcs
  3 ball pythons
  6 endoplasms
  5 giant cockroaches
  19 goblins
  14 hobgoblins
  7 jackals
  29 kobolds
  A quokka (D:4)
  6 bats
  4 frilled lizards
  A jackal skeleton (D:4)
  5 rats
  2 starspawn tentacles (Abyss:1)
3095 creatures vanquished.

Vanquished Creatures (collateral kills)
  An ancient lich (Crypt:3)
  Mara (Vaults:5)
  A royal mummy (Crypt:2)
  Xtahua (Depths:5)
  A Tzitzimitl (Pan)
  2 pandemonium lords (Pan)
  Rupert (Lair:6)
  A Hell Sentinel (Pan)
  An Ice Fiend (Pan)
  A lich (Crypt:3)
  2 Executioners (Pan)
  An eldritch tentacle (Pan)
  A tengu reaver (D:11)
  Donald (Snake:1)
  5 daevas
  3 angels (Pan)
  A vault warden (Vaults:5)
  A warmonger (Pan)
  A draconian stormcaller (Zot:2)
  A frost giant (Depths:5)
  A draconian annihilator (Zot:1)
  A draconian shifter (Zot:1)
  5 ghouls
  A reaper (Pan)
  4 blood saints (Pan)
  2 ophanim (Pan)
  2 apis (Pan)
  A vampire knight (Crypt:2)
  A black draconian (Zot:2)
  A lorocyproca (Pan)
  A yellow draconian (Zot:1)
  4 blizzard demons (Pan)
  2 green deaths (Pan)
  A jiangshi (Crypt:1)
  A rakshasa (Depths:3)
  A salamander tyrant (Snake:4)
  2 anacondas
  A hell knight (Depths:5)
  8 sun demons (Pan)
  A sixfirhy (Pan)
  2 cherubim (Pan)
  A flayed ghost (D:12)
  A gelid demonspawn (Pan)
  3 bog bodies (Crypt:1)
  A shadow demon (Pan)
  An ironbound convoker (Vaults:3)
  2 swamp dragons (Swamp:3)
  A shining eye (Pan)
  A mana viper (Snake:1)
  2 elephants (Lair:6)
  A smoke demon (Pan)
  A black mamba (Snake:1)
  An apocalypse crab (Abyss:3)
  3 guardian serpents
  4 orange demons (Pan)
  A minotaur zombie (Crypt:1)
  A hellion (Pan)
  2 demonic crawlers (Pan)
  A tengu conjurer (Depths:3)
  2 hellwings (Crypt:3)
  A red devil (Pan)
  A large abomination (Pan)
  A ynoxinul (Pan)
  An ushabti (Crypt:3)
  3 neqoxecs (Pan)
  4 yaks (Lair:6)
  5 chaos spawn (Pan)
  3 vampire mosquitoes (Swamp:1)
  A glowing shapeshifter zombie (Crypt:1)
  A swamp worm (Swamp:1)
  3 nagas
  A water nymph zombie (Crypt:1)
  A necrophage (Crypt:1)
  A snapping turtle skeleton (Crypt:3)
  2 mummies (Crypt:3)
130 creatures vanquished.

Vanquished Creatures (others)
  A blood saint (Pan)
  A fire dragon (Depths:5)
  A naga warrior (Snake:2)
  2 hell hogs (Depths:3)
  A deep elf knight (Elf:2)
  2 deep elf zephyrmancers (Elf:2)
  A deep elf pyromancer (Elf:1)
  A naga mage (Snake:4)
  2 bloated husks
  A fire elemental (Snake:3)
  A swamp worm (Swamp:4)
  50 fungi
  2 lurking horrors (Abyss:2)
  51 plants
  6 starspawn tentacles
  16 withered plants
139 creatures vanquished.

Grand Total: 3364 creatures vanquished

Notes
Turn   | Place    | Note
-------+----------+-------------------------------------------
     0 | D:1      | pkoi the Minotaur Fighter began the quest for the Orb.
     0 | D:1      | Reached XP level 1. HP: 19/19 MP: 0/0
    91 | D:1      | Reached XP level 2. HP: 24/27 MP: 1/1
   796 | D:2      | Reached XP level 3. HP: 31/33 MP: 2/2
   833 | D:2      | Noticed Sigmund
   879 | D:2      | Found a glowing golden altar of the Shining One.
   904 | D:2      | Became a worshipper of the Shining One
  1339 | D:3      | Found Atwatan's Antique Armour Emporium.
  1341 | D:3      | Found a faded altar of an unknown god.
  1420 | D:3      | Reached XP level 4. HP: 41/41 MP: 3/3
  1427 | D:3      | Noticed Robin
  1453 | D:3      | Killed Robin
  1625 | D:3      | Noticed Grinder
  1631 | D:3      | Killed Grinder
  1632 | D:3      | Reached skill level 5 in Fighting
  1632 | D:3      | Reached skill level 5 in Armour
  1632 | D:3      | Reached skill level 5 in Shields
  1632 | D:3      | Reached XP level 5. HP: 26/48 MP: 4/4
  1632 | D:3      | Reached XP level 6. HP: 30/56 MP: 5/5
  1848 | D:3      | Reached * piety under the Shining One
  2353 | D:4      | Reached skill level 5 in Maces & Flails
  2393 | D:4      | Reached XP level 7. HP: 43/62 MP: 6/6
  2818 | D:4      | Found an opulent altar of Gozag.
  2855 | D:4      | Found a glowing silver altar of Zin.
  2986 | D:5      | Entered Level 5 of the Dungeon
  3059 | D:5      | Found an ancient bone altar of Kikubaaqudgha.
  3097 | D:5      | Noticed a vampire mosquito
  3116 | D:5      | Killed a vampire mosquito
  3116 | D:5      | Reached ** piety under the Shining One
  3200 | D:5      | Reached XP level 8. HP: 71/71 MP: 7/7
  4060 | D:5      | Found a staircase to the Ecumenical Temple.
  4309 | D:5      | Found a glowing golden altar of the Shining One.
  4378 | D:6      | Found a radiant altar of Vehumet.
  4433 | D:6      | Noticed Eustachio
  4491 | D:6      | Killed Eustachio
  4492 | D:6      | Reached skill level 1 in Invocations
  4492 | D:6      | Reached skill level 1 in Evocations
  4683 | D:6      | Noticed Pikel
  4683 | D:6      | Reached *** piety under the Shining One
  4706 | D:6      | Killed Pikel
  4707 | D:6      | Reached XP level 9. HP: 68/81 MP: 5/9
  4939 | D:7      | Noticed a cyan ugly thing
  4960 | D:6      | Killed a cyan ugly thing
  5143 | D:7      | Found a basalt altar of Yredelemnul.
  5357 | D:7      | Found Fufril's Antique Armour Boutique.
  5377 | D:7      | Bought a runed kite shield for 247 gold pieces
  5664 | D:7      | Found a white marble altar of Elyvilon.
  5749 | D:7      | Found a snail-covered altar of Cheibriados.
  5856 | D:8      | Reached XP level 10. HP: 51/90 MP: 7/11
  6272 | D:8      | Found a burning altar of Makhleb.
  6693 | D:8      | Found Imnul's Antique Armour Shoppe.
  6699 | D:8      | Reached **** piety under the Shining One
  6908 | D:8      | Found a sparkling altar of Nemelex Xobeh.
  7113 | D:8      | Identified a scroll of acquirement
  7113 | D:8      | Acquired a manual of Shields
  7903 | D:9      | Noticed Maggie
  7920 | D:9      | Killed Maggie
  7921 | D:9      | Reached skill level 10 in Shields
  7921 | D:9      | Reached skill level 5 in Invocations
  8405 | D:9      | Found a shimmering blue altar of Sif Muna.
  8572 | D:10     | Entered Level 10 of the Dungeon
  8573 | D:10     | Acquired a manual of Translocations
  8751 | D:10     | Reached skill level 1 in Translocations
  8773 | D:10     | Reached ***** piety under the Shining One
  8938 | D:10     | Noticed a boulder beetle
  8990 | D:10     | Killed a boulder beetle
  8991 | D:10     | Reached XP level 11. HP: 61/99 MP: 8/13
  9249 | D:10     | Found an iron altar of Okawaru.
  9298 | D:10     | Found a stormy altar of Qazlal.
  9432 | D:11     | Found Sigih's Assorted Antiques.
  9439 | D:11     | Bought a pair of embroidered gloves for 165 gold pieces
  9554 | D:11     | Reached skill level 10 in Armour
  9758 | D:11     | Reached skill level 10 in Fighting
  9758 | D:11     | Reached skill level 5 in Evocations
 10027 | D:11     | Noticed a boulder beetle
 10042 | D:11     | Killed a boulder beetle
 10139 | D:11     | Noticed a death yak
 10158 | D:11     | Killed a death yak
 10226 | D:11     | Found a staircase to the Lair.
 10229 | D:11     | Noticed a death yak
 10230 | D:11     | Noticed a death yak
 10269 | D:11     | Killed a death yak
 10270 | D:11     | Reached skill level 10 in Maces & Flails
 10287 | D:11     | Killed a death yak
 10990 | D:11     | Noticed an orc warlord
 10990 | D:11     | Noticed a yaktaur captain
 10990 | D:11     | Noticed a yaktaur captain
 10991 | D:11     | Found a runed translucent door.
 10993 | D:11     | Noticed a fire giant
 10993 | D:11     | Noticed a flayed ghost
 10993 | D:11     | Noticed a tengu reaver
 10993 | D:11     | Noticed a deep troll earth mage
 10993 | D:11     | Noticed a flayed ghost
 11536 | Lair:1   | Entered Level 1 of the Lair of Beasts
 11867 | Lair:1   | Reached XP level 12. HP: 108/108 MP: 15/15
 11951 | Lair:1   | Noticed an eight-headed hydra
 11962 | Lair:1   | Killed an eight-headed hydra
 12368 | Lair:1   | Got the Almanac of Flying Snow
 12479 | Lair:1   | Noticed a five-headed hydra
 12496 | Lair:1   | Killed a five-headed hydra
 13220 | Lair:2   | Found a gate leading to a gauntlet.
 13230 | Gauntlet | Entered a Gauntlet
 13230 | Gauntlet | Found a transporter.
 13323 | Gauntlet | Found a transporter.
 13323 | Gauntlet | Found a transporter.
 13331 | Gauntlet | Found a runed translucent gate.
 13331 | Gauntlet | Found a runed translucent gate.
 13331 | Gauntlet | Found a runed translucent gate.
 13333 | Gauntlet | Found a transporter.
 13336 | Gauntlet | Found a transporter.
 13343 | Gauntlet | Noticed a hell beast
 13347 | Gauntlet | Found a transporter.
 13359 | Gauntlet | Found a runed translucent door.
 13360 | Gauntlet | Found a transporter.
 13361 | Gauntlet | Found a runed translucent door.
 13365 | Gauntlet | Noticed a quicksilver ooze
 13371 | Gauntlet | Found a transporter.
 13378 | Gauntlet | Found a runed translucent door.
 13381 | Gauntlet | Noticed a dire elephant
 13384 | Gauntlet | Found a transporter.
 13395 | Gauntlet | Found a transporter.
 13409 | Gauntlet | Found a transporter.
 13419 | Gauntlet | Found a transporter.
 13420 | Gauntlet | Found a transporter.
 13488 | Gauntlet | Found a transporter.
 13776 | Gauntlet | Killed a quicksilver ooze
 13780 | Gauntlet | Identified the amulet of the Doge {Spirit Harm rF++ Int-5
                  | Slay+4}
 13883 | Gauntlet | Noticed a minotaur
 13898 | Gauntlet | Killed a minotaur
 14145 | Lair:2   | You fall into a shaft and drop 1 floor!
 14178 | Lair:3   | Reached skill level 1 in Spellcasting
 14292 | Lair:3   | Found a dark tunnel.
 14438 | Volcano  | Entered a volcano
 15046 | Volcano  | Found a radiant altar of Vehumet.
 15593 | Lair:3   | Found a staircase to the Swamp.
 15632 | Lair:3   | Reached XP level 13. HP: 74/116 MP: 17/17
 16475 | Lair:3   | Noticed Sonja
 16505 | Lair:3   | Killed Sonja
 17407 | Lair:4   | Found a staircase to the Snake Pit.
 17463 | Lair:4   | You fall into a shaft and drop 2 floors!
 17463 | Lair:6   | Entered Level 6 of the Lair of Beasts
 18413 | Lair:6   | Found a staircase to the Slime Pits.
 18413 | Lair:6   | Found a viscous altar of Jiyva.
 18436 | Lair:5   | Noticed Rupert
 18470 | Lair:6   | Killed Rupert
 18549 | Lair:6   | Reached XP level 14. HP: 99/127 MP: 11/19
 19086 | Lair:6   | Identified the +2 pair of boots "Doife" {rC+ Will+}
 19163 | Lair:5   | Reached skill level 15 in Shields
 19199 | Lair:5   | Found a burning altar of Makhleb.
 22854 | Lair:6   | Paralysed by a hornet for 1 turns
 23206 | Lair:6   | Reached skill level 10 in Invocations
 24402 | D:2      | Killed Sigmund
 24545 | D:2      | You fall into a shaft and drop 2 floors!
 25485 | D:12     | Found Veaveisy's Weapon Emporium.
 25809 | D:12     | Found Ufit's Assorted Antiques.
 25871 | D:12     | Reached XP level 15. HP: 107/137 MP: 16/21
 25989 | D:12     | Found a staircase to the Orcish Mines.
 26515 | D:13     | Found a gate to the Vaults.
 26601 | D:13     | Found a flagged portal.
 26613 | Bailey   | Entered a bailey
 26650 | Bailey   | Reached skill level 5 in Translocations
 27509 | D:13     | Noticed Frances
 27529 | D:13     | Killed Frances
 29807 | D:14     | Reached ****** piety under the Shining One
 30025 | D:14     | Found a runed translucent door.
 30214 | D:15     | Entered Level 15 of the Dungeon
 30223 | D:15     | Noticed Josephine
 30234 | D:15     | Killed Josephine
 30896 | D:15     | Reached XP level 16. HP: 121/147 MP: 18/23
 31294 | D:15     | Found a staircase to the Depths.
 31706 | D:15     | Found Cinoer's Jewellery Emporium.
 32357 | Swamp:1  | Entered Level 1 of the Swamp
 32365 | Lair:3   | Reached skill level 1 in Dodging
 32387 | Swamp:1  | Reached skill level 15 in Armour
 32705 | Swamp:1  | Noticed Louise
 32936 | Swamp:1  | Reached skill level 15 in Fighting
 32944 | Swamp:1  | Killed Louise
 34051 | Swamp:2  | Reached skill level 15 in Maces & Flails
 34264 | D:7      | Bought a distressingly furry cloak for 313 gold pieces
 34264 | D:7      | Identified the +1 cloak of Starshine {Int+3} (You bought it
                  | in a shop on level 7 of the Dungeon)
 34264 | D:7      | Bought the +0 pair of fencer's gloves {Riposte Dex+3} for
                  | 1320 gold pieces
 34264 | D:7      | Found the +0 pair of fencer's gloves {Riposte Dex+3}
 35637 | Swamp:3  | Noticed a tentacled monstrosity
 35656 | Swamp:3  | Killed a tentacled monstrosity
 35817 | Swamp:3  | Got the Handbook of Enchantment
 36360 | Snake:1  | Entered Level 1 of the Snake Pit
 37069 | Snake:1  | Noticed Donald
 37081 | Snake:1  | Killed Donald
 37422 | Snake:2  | Reached XP level 17. HP: 156/156 MP: 25/25
 37458 | Snake:2  | Reached skill level 5 in Dodging
 37667 | Snake:2  | Found a blossoming altar of Fedhas.
 38103 | Snake:2  | Found Afoev's Book Shoppe.
 38432 | Orc:1    | Entered Level 1 of the Orcish Mines
 39295 | Orc:2    | Entered Level 2 of the Orcish Mines
 39297 | Orc:2    | Noticed Maurice
 39330 | Orc:1    | Killed Maurice
 40238 | Orc:2    | Found a staircase to the Elven Halls.
 40253 | Orc:2    | Found Quotisez's Book Boutique.
 40253 | Orc:2    | Found Xioxoczua's Weapon Shoppe.
 40253 | Orc:2    | Found Wevolaxt's Jewellery Emporium.
 40253 | Orc:2    | Found Wir Ent's Armour Boutique.
 40261 | Orc:2    | Reached skill level 1 in Throwing
 40392 | Orc:2    | Reached skill level 10 in Translocations
 42416 | D:11     | Identified the +9 whip "Beastslayer" {pain, rC+}
 42542 | Depths:1 | Entered Level 1 of the Depths
 43664 | Snake:3  | Found a transporter.
 43667 | Snake:3  | Noticed jayjay249's ghost (adept DECj)
 43688 | Snake:3  | Noticed Azrael
 43699 | Snake:3  | Killed Azrael
 43823 | Snake:3  | Found a transporter.
 44196 | Snake:3  | Found Iduem's Antique Armour Shop.
 44196 | Snake:3  | Found Fafapp's Distillery.
 44210 | Snake:3  | Bought a potion of haste for 140 gold pieces
 44210 | Snake:3  | Bought 2 potions of haste for 280 gold pieces
 44210 | Snake:3  | Bought a potion of haste for 140 gold pieces
 44873 | Snake:4  | Entered Level 4 of the Snake Pit
 44873 | Snake:4  | Found Ases's Assorted Antiques.
 44877 | Snake:4  | Bought a scroll of blinking for 217 gold pieces
 45471 | Snake:4  | Found a sparkling altar of Nemelex Xobeh.
 47073 | Snake:4  | Reached XP level 18. HP: 138/168 MP: 21/26
 48894 | Snake:4  | Got a serpentine rune of Zot
 48955 | Snake:4  | Reached skill level 5 in Throwing
 49187 | Swamp:4  | Entered Level 4 of the Swamp
 49885 | Swamp:4  | Got a decaying rune of Zot
 50511 | Swamp:4  | Reached skill level 1 in Stealth
 50982 | Elf:1    | Entered Level 1 of the Elven Halls
 51992 | Elf:1    | Got the Reference Book on Changing
 51994 | Elf:1    | Got the Collected Works on Transmigration
 52296 | Elf:1    | Reached XP level 19. HP: 177/177 MP: 28/28
 52360 | Elf:1    | Paralysed by an air elemental for 1 turns
 52365 | Elf:1    | Paralysed by an air elemental for 1 turns
 52637 | Elf:1    | Paralysed by an air elemental for 1 turns
 53500 | Snake:2  | Bought a manual of Throwing for 1600 gold pieces
 53956 | Elf:2    | Found Coiga's Distillery.
 54703 | Elf:2    | Found a runed translucent gate.
 54703 | Elf:2    | Found a runed translucent gate.
 54703 | Elf:2    | Found a runed translucent gate.
 54987 | Elf:3    | Entered Level 3 of the Elven Halls
 55080 | Elf:3    | Paralysed by an air elemental for 1 turns
 55127 | Elf:3    | Paralysed by an air elemental for 1 turns
 55131 | Elf:3    | Reached skill level 10 in Dodging
 58065 | Elf:3    | Noticed a Brimstone Fiend
 59273 | Elf:3    | Reached XP level 20. HP: 187/187 MP: 29/29
 59404 | Elf:3    | Identified the +7 spear "Fumextob" {protect, +Rage Will+
                  | Str+3}
 59404 | Elf:3    | Identified the amulet of Birdsong {Faith rC++ Dex-4}
 59482 | Elf:3    | Identified the +9 gold dragon scales of Hide-and-Seek {+Inv
                  | rPois rF+ rC+ rN+++ Str+3 Dex-3}
 59520 | Elf:3    | Got Sif Muna's Tome of Enthralling Envenoming
 59523 | Elf:3    | Got the Compendium of Heat and Stones
 59527 | Elf:3    | Learned a level 2 spell: Blink
 59533 | Elf:3    | Learned a level 5 spell: Manifold Assault
 59561 | Elf:3    | Identified the +4 shortbow of the Ten Priests {flame, rC+}
 59825 | Temple   | Entered the Ecumenical Temple
 60287 | Vaults:1 | Entered Level 1 of the Vaults
 60498 | Vaults:1 | Reached skill level 10 in Throwing
 62343 | Vaults:1 | Reached skill level 15 in Invocations
 64194 | Vaults:2 | Reached XP level 21. HP: 195/195 MP: 31/31
 66345 | Vaults:3 | Found a staircase to the Crypt.
 67046 | Vaults:3 | Found Korghawets's Armour Shoppe.
 67093 | Vaults:3 | Found Fualuor's Magic Scroll Emporium.
 67235 | Vaults:3 | Found Queguati's Magic Scroll Emporium.
 67251 | Vaults:3 | Bought a scroll of acquirement for 728 gold pieces
 67251 | Vaults:3 | Acquired a manual of Translocations
 67553 | Vaults:3 | Cast into level 2 of the Abyss (a wizard)
 67606 | Abyss:2  | Found a corrupted altar of Lugonu.
 68041 | Abyss:2  | Identified the +6 scale mail of Card Tricks {rPois rC+
                  | rCorr}
 68263 | Vaults:3 | Escaped the Abyss
 68842 | Vaults:3 | Reached XP level 22. HP: 121/206 MP: 18/32
 69270 | Vaults:3 | Found Reatu's Magic Scroll Boutique.
 69278 | Vaults:3 | Bought a scroll of teleportation for 57 gold pieces
 69278 | Vaults:3 | Bought a scroll of blinking for 142 gold pieces
 69974 | Depths:1 | Found a gateway to Hell.
 70849 | Depths:1 | Found a radiant altar of Vehumet.
 71412 | Depths:2 | Found a one-way gate leading to the halls of Pandemonium.
 71428 | Depths:2 | Reached skill level 5 in Spellcasting
 71763 | Depths:2 | Found a one-way gate to the infinite horrors of the Abyss.
 71873 | Depths:2 | Learned a level 3 spell: Portal Projectile
 71902 | Depths:2 | Noticed a juggernaut
 71976 | Depths:2 | Killed a juggernaut
 72271 | Depths:2 | Found a shimmering altar of Xom.
 72953 | Depths:2 | Found Botirif's Jewellery Emporium.
 72954 | Depths:2 | Found Kazim's Book Shop.
 72956 | Depths:2 | Found Heopriy's Jewellery Emporium.
 73184 | Depths:3 | Found a shimmering blue altar of Sif Muna.
 73277 | Depths:3 | Found a gateway to a ziggurat.
 74607 | Depths:3 | Reached XP level 23. HP: 130/215 MP: 31/34
 75779 | Snake:3  | Killed jayjay249's ghost
 75792 | Snake:3  | Identified the amulet of Ziehecuse {RegenMP rN+}
 77405 | Vaults:4 | Reached skill level 15 in Throwing
 77426 | Vaults:4 | Noticed Aizul
 78114 | Vaults:4 | Killed Aizul
 79682 | Depths:4 | Noticed an ancient lich
 79698 | Depths:4 | Killed an ancient lich
 81034 | Depths:5 | Entered Level 5 of the Depths
 81610 | Depths:4 | Reached XP level 24. HP: 197/225 MP: 31/34
 81988 | Depths:5 | Noticed Xtahua
 81998 | Depths:5 | Killed Xtahua
 82913 | Depths:5 | The Shining One protects you from harm!
 83497 | Depths:5 | Found a gate to the Realm of Zot.
 84724 | Slime:1  | Entered Level 1 of the Pits of Slime
 86078 | Slime:2  | Gained mutation: You are frail. (-10% HP) [a shining eye]
 89582 | Slime:5  | Entered Level 5 of the Pits of Slime
 90760 | Slime:5  | Found a viscous altar of Jiyva.
 90761 | Slime:5  | Noticed the Royal Jelly
 91016 | Slime:5  | Reached XP level 25. HP: 149/211 MP: 23/34
 92293 | Slime:5  | Found the +4 moon troll leather armour {Spirit, Regen++
                  | MP+5}
 92792 | Vaults:5 | Entered Level 5 of the Vaults
 93098 | Vaults:4 | Reached skill level 15 in Translocations
 93918 | Vaults:5 | Cast into level 3 of the Abyss (vault warden)
 93943 | Vaults:5 | Escaped the Abyss
 96300 | Vaults:5 | Reached skill level 1 in Hexes
 96413 | Vaults:5 | Identified the +7 falchion "Toanniu" {chaos, rF+}
 96638 | Vaults:5 | Noticed an ancient lich
 96648 | Vaults:5 | Killed an ancient lich
 96809 | Vaults:5 | Got a silver rune of Zot
 97046 | Vaults:5 | Found Amage's Distillery.
 97047 | Vaults:5 | Found Kixzomn's Distillery.
 97051 | Vaults:5 | Bought 2 potions of haste for 380 gold pieces
 97051 | Vaults:5 | Bought a potion of heal wounds for 95 gold pieces
 97051 | Vaults:5 | Bought a potion of might for 76 gold pieces
 97051 | Vaults:5 | Bought a potion of might for 76 gold pieces
 97078 | Vaults:5 | Found Dotzupech's Jewellery Boutique.
 97078 | Vaults:5 | Noticed Mara
 97326 | Vaults:5 | Paralysed by a sphinx for 5 turns
 97373 | Vaults:5 | Found Esunkus's Distillery.
 97577 | Vaults:5 | Reached XP level 26. HP: 219/219 MP: 34/34
 97595 | Vaults:5 | Found Fewkuse's Distillery.
 97595 | Vaults:5 | Found Powuisef's Distillery.
 97600 | Vaults:5 | Bought a potion of experience for 550 gold pieces
 97600 | Vaults:5 | Reached XP level 27. HP: 225/225 MP: 34/34
 97634 | Vaults:5 | Found Qeuhe's Distillery.
 97650 | Vaults:5 | Found Fuenefet's Magic Scroll Boutique.
 97650 | Vaults:5 | Found Hemekodgh's Distillery.
 97654 | Vaults:5 | Found Haugig's Magic Scroll Shoppe.
 97655 | Vaults:5 | Bought a scroll of blinking for 142 gold pieces
 97655 | Vaults:5 | Bought a scroll of blinking for 142 gold pieces
 97655 | Vaults:5 | Bought a scroll of blinking for 142 gold pieces
 97676 | Vaults:5 | Bought a scroll of blinking for 105 gold pieces
 97974 | Vaults:5 | Found Viprox's Distillery.
 98003 | Vaults:5 | Identified the +6 long sword "Worm" {freeze, rF+}
 98277 | Crypt:1  | Entered Level 1 of the Crypt
 98641 | Crypt:1  | Noticed a royal mummy
 98662 | Crypt:1  | Found a transporter.
 98721 | Crypt:1  | Identified the ring of Isoag {rElec rPois Will- MP+9 Dex+2}
 98721 | Crypt:1  | Noticed a royal mummy
 98753 | Crypt:1  | Noticed Osipn's ghost (veteran MiGl)
 98759 | Crypt:1  | Noticed Jetyrhek's ghost (veteran GrEE)
 98878 | Crypt:1  | Found a transporter.
 98916 | Crypt:1  | Acquired 494 gold pieces
 98918 | Crypt:1  | Acquired the ring "Niciava" {rF+ rC- rCorr Str+6 Slay+2}
 99275 | Crypt:2  | Noticed Boris
 99301 | Crypt:1  | Killed Boris
 99608 | Crypt:1  | Found a basalt altar of Yredelemnul.
100048 | Crypt:2  | Noticed Khufu
100053 | Crypt:2  | Noticed a royal mummy
100090 | Crypt:2  | Killed a royal mummy
100636 | Crypt:2  | Noticed Saint Roka
100669 | Crypt:2  | Killed Saint Roka
101584 | Crypt:2  | Killed Khufu
101653 | Crypt:3  | Entered Level 3 of the Crypt
101666 | Crypt:3  | Noticed Boris
101687 | Crypt:3  | Killed Boris
102267 | Crypt:3  | Found a staircase to the Tomb.
102674 | Crypt:3  | Found an ancient bone altar of Kikubaaqudgha.
102716 | Crypt:3  | Reached skill level 5 in Stealth
103020 | Crypt:3  | Noticed an ancient lich
103046 | Crypt:3  | Killed an ancient lich
103047 | Crypt:3  | Found the +8 demon blade "Leech" {vamp, *Rage +Rage rN+}
103054 | Crypt:3  | Identified the +4 scale mail "Dibiul" {Str+5}
104368 | Tomb:1   | Entered Level 1 of the Tomb of the Ancients
106456 | Tomb:1   | Learned a level 1 spell: Apportation
107132 | Zot:1    | Entered Level 1 of the Realm of Zot
110918 | Vaults:5 | Noticed pkoi's illusion
110926 | Vaults:5 | Killed Mara
111278 | Pan      | Entered Pandemonium
112019 | Pan      | Found a transporter.
112061 | Pan      | Found a transporter.
112158 | Pan      | Identified a +2 sacred scourge of holy wrath (a +0 demon
                  | whip blessed by the Shining One)
112158 | Pan      | Received a gift from the Shining One
112235 | Pan      | Identified the amulet of the Ageless Tusks {Faith rF- rN+
                  | rCorr Stlth+}
112249 | Pan      | Identified the ring of Ybuguocs {rC- rCorr Str-3 Dex+6
                  | Slay+6}
112303 | Pan      | Noticed Petsial the pandemonium lord
112311 | Pan      | Killed Petsial the pandemonium lord
112409 | Pan      | Gained mutation: You are dopey. (Int -2) [a cacodemon]
112476 | Pan      | Found an exit through the horrors of the Abyss.
113364 | Pan      | Noticed Luilukk the pandemonium lord
113388 | Pan      | Killed Luilukk the pandemonium lord
113421 | Pan      | Got the Grimoire of the Entourage
113946 | Pan      | Found an exit through the horrors of the Abyss.
114056 | Pan      | Noticed Nalipen the pandemonium lord
114075 | Pan      | Killed Nalipen the pandemonium lord
114623 | Pan      | Found an exit through the horrors of the Abyss.
115516 | Pan      | Noticed Kemonan the pandemonium lord
115531 | Pan      | Killed Kemonan the pandemonium lord
116262 | Pan      | Noticed Ehoraem the pandemonium lord
116264 | Pan      | Cast into level 3 of the Abyss (Ehoraem)
116279 | Abyss:3  | Found a radiant altar of Vehumet.
116343 | Abyss:3  | Found a transporter.
116402 | Abyss:3  | Found a transporter.
116402 | Abyss:3  | Noticed an ancient lich
116420 | Abyss:3  | Killed an ancient lich
116442 | Abyss:3  | Found a transporter.
116444 | Abyss:3  | Got an abyssal rune of Zot
116456 | Pan      | Escaped the Abyss
116468 | Pan      | Killed Ehoraem the pandemonium lord
116834 | Pan      | Entered the realm of Mnoleg.
116882 | Pan      | Gained mutation: Your body sometimes deteriorates upon
                  | taking damage. [a shining eye]
116916 | Pan      | Gained mutation: Your body often deteriorates upon taking
                  | damage. [a cacodemon]
117070 | Pan      | Gained mutation: Your muscles are strong. (Str +2) [a
                  | neqoxec]
117075 | Pan      | Gained mutation: You are very dopey. (Int -4) [a neqoxec]
117086 | Pan      | Gained mutation: You sometimes lose the ability to read
                  | scrolls when taking damage. [a neqoxec]
117121 | Pan      | Noticed Mnoleg
117138 | Pan      | Gained mutation: You tend to lose your temper in combat.
                  | [Mnoleg's mutagenic touch]
117140 | Pan      | Killed Mnoleg
117162 | Pan      | Got a glowing rune of Zot
117269 | Pan      | Gained mutation: You are very frail. (-20% HP) [a
                  | cacodemon]
117461 | Pan      | Paralysed by a floating eye for 4 turns
117657 | Pan      | Gained mutation: You are occasionally teleported next to
                  | monsters. [a neqoxec]
117869 | Pan      | Found a runed translucent door.
117912 | Pan      | Acquired 544 gold pieces
118381 | Pan      | Found an exit through the horrors of the Abyss.
118390 | Pan      | Took an exit into the Abyss.
118390 | Abyss:1  | Escaped into the Abyss
118542 | Abyss:1  | Found a corrupted altar of Lugonu.
118604 | Abyss:1  | Found a corrupted altar of Lugonu.
118758 | Depths:2 | Escaped the Abyss
118859 | D:14     | Lost mutation: Your muscles are strong. (Str +2) [potion of
                  | mutation]
118859 | D:14     | Lost mutation: You are very frail. (-20% HP) [potion of
                  | mutation]
118859 | D:14     | Lost mutation: You are frail. (-10% HP) [potion of
                  | mutation]
118999 | Vaults:1 | Lost mutation: You sometimes lose the ability to read
                  | scrolls when taking damage. [potion of mutation]
118999 | Vaults:1 | Lost mutation: Your body often deteriorates upon taking
                  | damage. [potion of mutation]
118999 | Vaults:1 | Lost mutation: You are very dopey. (Int -4) [potion of
                  | mutation]
118999 | Vaults:1 | Gained mutation: You often lose your temper in combat.
                  | [potion of mutation]
118999 | Vaults:1 | Lost mutation: Your body sometimes deteriorates upon taking
                  | damage. [potion of mutation]
118999 | Vaults:1 | Lost mutation: You are dopey. (Int -2) [potion of mutation]
119115 | Vaults:2 | Lost mutation: You often lose your temper in combat.
                  | [potion of mutation]
119115 | Vaults:2 | Lost mutation: You tend to lose your temper in combat.
                  | [potion of mutation]
119115 | Vaults:2 | Gained mutation: You are clumsy. (Dex -2) [potion of
                  | mutation]
119115 | Vaults:2 | Gained mutation: You have sharp fingernails. [potion of
                  | mutation]
119115 | Vaults:2 | Gained mutation: Potions are less effective at restoring
                  | your health. [potion of mutation]
119115 | Vaults:2 | Gained mutation: You passively map a small area around you.
                  | [potion of mutation]
119235 | Vaults:5 | Bought a potion of mutation for 152 gold pieces
119235 | Vaults:5 | Bought a potion of heal wounds for 95 gold pieces
119235 | Vaults:5 | Bought a potion of haste for 190 gold pieces
119235 | Vaults:5 | Lost mutation: You passively map a small area around you.
                  | [potion of mutation]
119235 | Vaults:5 | Lost mutation: Potions are less effective at restoring your
                  | health. [potion of mutation]
119235 | Vaults:5 | Lost mutation: You are clumsy. (Dex -2) [potion of
                  | mutation]
119235 | Vaults:5 | Gained mutation: You are clumsy. (Dex -2) [potion of
                  | mutation]
119235 | Vaults:5 | Lost mutation: You are clumsy. (Dex -2) [potion of
                  | mutation]
119477 | D:9      | Lost mutation: You have sharp fingernails. [potion of
                  | mutation]
119477 | D:9      | Lost mutation: You are occasionally teleported next to
                  | monsters. [potion of mutation]
119477 | D:9      | Gained mutation: You are occasionally teleported next to
                  | monsters. [potion of mutation]
119477 | D:9      | Gained mutation: You have a pair of large horns on your
                  | head. [potion of mutation]
119585 | D:8      | Lost mutation: You have a pair of large horns on your head.
                  | [potion of mutation]
119585 | D:8      | Lost mutation: You are occasionally teleported next to
                  | monsters. [potion of mutation]
119585 | D:8      | Gained mutation: You have very sharp teeth. [potion of
                  | mutation]
119585 | D:8      | Gained mutation: You occasionally shout uncontrollably at
                  | your foes. [potion of mutation]
121050 | Zot:3    | Noticed an orb of fire
121054 | Zot:3    | Identified the +0 scale mail "Feitoh" {rC+ rN+ SInv}
121063 | Zot:3    | Gained mutation: Your magical capacity is low. (-10% MP)
                  | [an orb of fire]
121065 | Zot:3    | Gained mutation: You are weak. (Str -2) [an orb of fire]
121069 | Zot:3    | Killed an orb of fire
121075 | Zot:3    | Found a runed translucent door.
121076 | Zot:3    | Noticed Pongem's ghost (legendary MiAK)
123449 | Zot:4    | Reached skill level 15 in Dodging
124900 | Zot:5    | Entered Level 5 of the Realm of Zot
125152 | Zot:5    | Noticed a dread lich
125158 | Zot:5    | Noticed an ancient lich
125162 | Zot:5    | Noticed an ancient lich
125169 | Zot:5    | Killed a dread lich
125175 | Zot:5    | Killed an ancient lich
125179 | Zot:5    | Killed an ancient lich
125425 | Zot:5    | Noticed an ancient lich
125432 | Zot:5    | Killed an ancient lich
126155 | Orc:2    | Bought the ring "Ydusegik" {rC+ rN+ Int+4} for 636 gold
                  | pieces
126346 | Pan      | Entered the realm of Cerebov.
126346 | Pan      | Entered Pandemonium
127076 | Pan      | Found the +6 sword of Cerebov {flame}
127076 | Pan      | Noticed Cerebov
127110 | Pan      | Killed Cerebov
127161 | Pan      | Identified the +6 hunting sling of the Heavens {freeze,
                  | Str+3}
127176 | Pan      | Identified the +1 pair of gloves of Toobew {Harm rElec
                  | Regen+ SInv}
127179 | Pan      | Identified the amulet of Sif Muna's Benevolence {Faith
                  | rPois Will+}
127182 | Pan      | Identified the +9 war axe "Ceimewn" {vorpal, Str-3 Dex+8}
127224 | Pan      | Identified the +8 rapier of the Elven Halls {vorpal, rPois
                  | Will+ Str-4 Int+2}
127235 | Pan      | Identified the +3 scimitar of Greatest Utility {vorpal,
                  | rF++ Will- Str+5}
127257 | Pan      | Got a fiery rune of Zot
127624 | Pan      | Found a white marble altar of Elyvilon.
129117 | Pan      | Found a glowing silver altar of Zin.
131356 | Pan      | Noticed a seraph
131923 | Pan      | Killed a seraph
131959 | Pan      | Identified the +5 glaive "Gesh" {vorpal, rPois}
131959 | Pan      | Identified the +3 chain mail of the Teacher {-Cast Str+10
                  | Dex+2}
131990 | Pan      | Found a glowing golden altar of the Shining One.
132006 | Pan      | Got Tuor's Collected Works on Changing and Stolen Souls
132012 | Pan      | Got a demonic rune of Zot
132013 | Pan      | Identified the +2 triple crossbow of Icluutid {penet, rC++}
132019 | Pan      | Got the Guide on the Mutagenic Mountains
132194 | Depths:2 | Escaped Pandemonium
132210 | Pan      | Entered Pandemonium
132463 | Pan      | Entered the realm of Gloorx Vloq.
132463 | Pan      | Found an exit through the horrors of the Abyss.
133385 | Pan      | Noticed Gloorx Vloq
133397 | Pan      | HP: 11/266 [Executioner[Gloorx Vloq] (8)]
133398 | Pan      | Succumbed to Gloorx Vloq's dark miasma

Illustrated notes

Levels and vault maps discovered:
D:1:      minmay_arrival_shattered_statue, layout_loops_ring
D:2:      layout_basic, basic_altar, serial_undead, serial_undead_e,
          serial_undead_a, serial_undead_e, serial_undead_f, dk_noncrumbling_3,
          uniq_sigmund
D:3:      layout_rooms, serial_shops, shop_statue,
          ebering_ecumenical_altar_abandoned, uniq_grinder, uniq_robin
D:4:      layout_cave_pools, pdpol_temple_overflow_zin_treasury_gozag_greed,
          kennysheep_generic_room_8
D:5:      cheibrodos_thug_alley, layout_basic, tso_altar,
          nicolae_kikubaaqudgha_miasma_corner, minmay_temple_entry_large_hall,
          minmay_chambers_of_fives
D:6:      layout_gridville, mainiacjoe_overflow_cross_hatched,
          minmay_misc_feat_four_crosses, minivault_24, uniq_pikel,
          uniq_eustachio
D:7:      layout_rooms, mainiacjoe_overflow_alcove_2,
          nicolae_elyvilon_peaceful_grove, slow_altar_2, serial_shops, shop,
          hangedman_decor_diamond_cutter
D:8:      layout_basic, bloody_makhleb, nicolae_overflow_crystal_walls,
          serial_shops, nicolae_shop_behind_doors
D:9:      layout_irregular_city, lemuel_coloured_pillars_altar, uniq_maggie
D:10:     wander_river, layout_rooms, nicolae_qazlal_style_of_elements,
          mainiacjoe_overflow_concentric_impassable
D:11:     minmay_gate_of_8, layout_irregular_city, dpeg_lair_monsters,
          serial_shops, shop
D:12:     layout_loops_cross, orc_0_dummy, serial_shops, shop, shop,
          moated_statue, chequers_serial_rivers_small_a
D:13:     layout_grid_maze, david_vaults_2, enter_bailey_3, uniq_frances
D:14:     cheibrodos_body_horror, layout_rooms, serial_park_square2, drop_trap
D:15:     grunt_enter_depths_hoard, layout_loops_ring, serial_bayou_pond_d,
          serial_shops, shop, serial_rivers, chequers_serial_rivers_room_b,
          chequers_serial_rivers_micro_b, chequers_serial_rivers_room_a,
          chequers_serial_rivers_micro_c, uniq_josephine
Temple:   compressed_dpeg_triangle_lava_temple
Lair:1:   layout_loops_ring, grunt_megastairs_1
Lair:2:   layout_cave_pods, gauntlet_entry_generic, infiniplex_staircase_pool
Lair:3:   layout_misc_corridors, minmay_swamp_entry_reptiles, enter_volcano_3,
          uniq_sonja
Lair:4:   layout_loops_ring, dummy_snake_entry, beast_lair_carwin_6
Lair:5:   dragon1_lemuel, layout_big_grid, lemuel_oklob_altar, uniq_rupert
Lair:6:   minmay_lair_end_enchanted_forest, layout_long_grid, slime_altar_1,
          infiniplex_staircase_pool_2, grunt_megastairs_3
Swamp:1:  layout_falls_marsh, evilmike_swamp_ruin_rubble_1, uniq_louise
Swamp:2:  layout_basic_swamp, evilmike_swamp_ruin_rubble_2
Swamp:3:  layout_basic_swamp, evilmike_swamp_ruin_house_3, swamp_pool5,
          st_swamp_ruins_2
Swamp:4:  swamp, layout_basic_swamp, swamp_pool3
Snake:1:  layout_onion_interference, uniq_donald
Snake:2:  layout_misc_corridors, basic_altar, serial_shops,
          nicolae_shop_competitors_out_of_business
Snake:3:  layout_onion, gammafunk_ghost_berserking_beasts, drop_trap,
          statue_in_the_mist_lemuel, serial_bayou_shore_b, minmay_shoptagon,
          uniq_azrael
Snake:4:  grunt_snake_rune_serpentine_throne, layout_cave_town, basic_altar,
          serial_shops, shop, serial_bayou_pond_a
Slime:1:  layout_caves
Slime:2:  layout_caves, nicolae_slime_phagocytosis
Slime:3:  layout_caves
Slime:4:  layout_caves
Slime:5
Orc:1:    layout_caves
Orc:2:    st_orc_ogre_mass, layout_caves, uniq_maurice
Elf:1:    eino_elf_arrival_sip, layout_geoelf_octagon, minivault_28,
          hangedman_elf_simple_split, hex_medium, nicolae_elf_shapeshifter_party
Elf:2:    elven_hall_of_blades_hangedman_original [nooodl_blade_entry_preview],
          layout_loops_corners, serial_shops, nicolae_shop_behind_doors
Elf:3:    minmay_elf_hall_circle, layout_gridlike
Vaults:1: vaults_room_octagon, v_rooms_5, nicolae_vaults_inception_scallops,
          grunt_vaults_trifunnel, ontoclasm_vaults_ring_large,
          hangedman_vaults_nodes, nicolae_vaults_windows_and_doors_thing,
          vaults_room_pool, nicolae_vaults_network_quinsquares
          [nicolae_vaults_network_quincunx_subvault,
          nicolae_vaults_network_quincunx_subvault,
          nicolae_vaults_network_quincunx_subvault,
          nicolae_vaults_network_quincunx_subvault], nicolae_vaults_rhombus_6,
          nicolae_vaults_three_branches, vaults_room_stairs_pillars,
          layout_vaults_maze
Vaults:2: vaults_dpeg_ring, v_rooms_2, ontoclasm_vaults_spin,
          nicolae_vaults_holding_cells, grunt_vaults_hallway_short, v_misc_30,
          v_pattern_5, v_misc_2, nicolae_vaults_little_ls,
          ontoclasm_vaults_fault, layout_vaults_quadrants
Vaults:3: hangedman_vaults_stagger, nicolae_vaults_angled_halls,
          grunt_vaults_bifocal, hangedman_vaults_corner_blocks, v_misc_4,
          v_misc_11, v_alt_pattern_3, v_misc_26, v_alt_pattern_1, v_misc_33,
          hangedman_vaults_capsules, vaults_room_pools, layout_vaults_big_room,
          serial_shops, shop, shop, shop, shop
Vaults:4: v_misc_4, hangedman_vaults_restitches, vaults_room_corners,
          v_pattern_4, ontoclasm_vaults_pinch, nicolae_vaults_circle_grid_b,
          nicolae_vaults_rhombus_6, v_rooms_3,
          hangedman_vaults_stretched_pinwheel, hangedman_vaults_slice,
          vaults_room_pools, layout_vaults_ring, uniq_aizul, uniq_margery
Vaults:5: uniq_mara
Crypt:1:  layout_chaotic_city, nzn_ghost_randoct, grunt_ministairs_2,
          lemuel_upstairs_altar
Crypt:2:  layout_misc_corridors, uniq_khufu, uniq_saint_roka, uniq_boris
Crypt:3:  evilmike_haunted_forest
Tomb:1
Depths:1: layout_gridlike, hangedman_tar_grid_catacomb,
          minmay_misc_feat_diagonals, grunt_decor_cap,
          nicolae_vehumet_altar_sigil
Depths:2: minmay_containers, layout_gridlike, abyss_entry_crystal,
          pf_hell_entry_great_geh, grunt_pan_entry_spiral, lemuel_round_altar,
          serial_bayou_shore_b, minmay_staircase_statues, minmay_shop_grove
Depths:3: minmay_blocking_statues, layout_small_grid, enter_ziggurat_a,
          led_sif_pool, grunt_pan_entry_in_and_out, grunt_hell_horde,
          infiniplex_staircase_9_rooms, serial_bayou_shore_a
Depths:4: wad_courtyard, layout_cave_shapes, abyss_entry, hell_entry,
          amcnicky_mini_rare_corridor_liquid, st_stairs_7,
          infiniplex_staircase_x, grunt_megastairs_5
Depths:5: grunt_zot_entry_tricorne, layout_cave_pools, hell_entry,
          abyss_entry_small_statue_room, minmay_misc_feat_secret_circle,
          uniq_xtahua
Zot:1:    layout_basic
Zot:2:    layout_basic, lemuel_elevator
Zot:3:    layout_gridlike, gammafunk_ghost_grave, st_small_dragon_hoard_3,
          grunt_ministairs_11
Zot:4:    kennysheep_six_static_rooms, layout_cathedral_of_symmetry,
          st_stairs_9, grunt_ministairs_9, hangedman_zot_decor_slant
Zot:5:    layout_cathedral_of_symmetry
Pan:      rand_demon_2, layout_cellular_growth, rand_demon_1,
          layout_pan_divisions_a [pan_division_quadrant_a6,
          pan_division_quadrant_a6, pan_division_quadrant_a6,
          pan_division_quadrant_a3, pan_division_octagon_box],
          pan_blood_fountain_small, gammafunk_dig_for_victory,
          layout_irregular_city, pan_blood_fountain_small, evilmike_mini_pan_T,
          layout_grid_shapes, pan_blood_fountain_small, special_room
          [special_room_demon_pit], nicolae_pan_mnolegish_3,
          nicolae_pan_door_chamber, layout_irregular_city,
          nicolae_pan_glass_arcs, layout_irregular_city,
          pan_blood_fountain_small, nicolae_pan_diamonds, layout_long_grid,
          pan_surprise, nicolae_pan_door_chamber, layout_chambers, rand_demon_9,
          layout_gridlike, grunt_pan_in_and_out, layout_stronghold,
          pan_blood_fountain, nicolae_pan_cerebovesque_1,
          nicolae_pan_sigil_uleosi, evilmike_mini_pan_V, layout_cellular_growth,
          nicolae_pan_mnolegish_4, mnoleg, layout_pan_divisions_a
          [pan_division_quadrant_a3, pan_division_quadrant_a2,
          pan_division_quadrant_a3, pan_division_quadrant_a3,
          pan_division_octagon_rings], pan_blood_fountain_2,
          nicolae_pan_cerebovesque_3, rand_demon_9, layout_irregular_city,
          cerebov_grunt, layout_pan_divisions_a [pan_division_quadrant_a2,
          pan_division_quadrant_a2, pan_division_quadrant_a6,
          pan_division_quadrant_a3, pan_division_octagon_box],
          evilmike_holy_pan, grunt_pan_sceptre, layout_irregular_city,
          pan_blood_fountain_small, lemuel_hellion_island, layout_small_grid,
          uniq_mennas_pan, nicolae_pan_cerebovesque_2, evilmike_gloorx_vloq_box,
          layout_cellular_growth, pan_blood_fountain_small,
          nicolae_pan_sigil_obb, nicolae_pan_lom_lobonic_3

Skill      XL: |  1  2  3  4  5  6  7  8  9 10 11 12 13 14 15 16 17 18 19 20 21 22 23 24 25 26 27 |
---------------+----------------------------------------------------------------------------------+-----
Fighting       | 4 5 6 7 8 9 10 11 12 13 14 15 16 17 18 19 20 21 25 | 25.0
Armour         | 4 5 6 8 9 10 11 12 13 14 15 16 17 18 19 20 21 24 | 24.9
Shields        | 4 5 6 7 8 10 11 13 14 15 16 17 18 19 20 21 25 | 25.7
Maces & Flails | 3 4 5 6 7 8 9 10 11 12 13 14 15 16 17 19 20 21 22 25 | 25.6
Invocations    | 2 3 5 6 7 8 10 11 12 13 14 15 16 17 23 | 23.3
Evocations     | 1 3 4 5 7 8 |  8.4
Translocations | 1 4 7 9 10 11 12 13 14 15 | 15.9
Spellcasting   | 2 3 4 5 6 7 8 9 |  9.0
Dodging        | 4 7 9 10 11 17 | 17.9
Throwing       | 3 6 9 11 13 14 15 16 19 | 19.7
Stealth        | 3 4 6 |  6.1
Hexes          | 2 4 |  4.2

Action                   |  1- 3 |  4- 6 |  7- 9 | 10-12 | 13-15 | 16-18 | 19-21 | 22-24 | 25-27 || total
-------------------------+-------+-------+-------+-------+-------+-------+-------+-------+-------++-------
Melee: Flail             |    94 |   104 |   223 |   314 |   723 |  1465 |  1755 |  2071 |  2398 ||  9147
       Headbutt          |    10 |    22 |    51 |   179 |   614 |   594 |   747 |   877 |  1856 ||  4950
       Whip              |       |       |    59 |   417 |  1261 |   199 |   109 |       |       ||  2045
       Sacred scourge    |       |       |       |       |       |       |       |       |  2553 ||  2553
       Bite              |       |       |       |       |       |       |       |       |   311 ||   311
Throw: Boomerang         |       |       |       |       |       |   117 |   189 |    80 |   156 ||   542
       Javelin           |       |       |       |       |       |       |     5 |       |       ||     5
 Cast: Blink             |       |       |       |       |       |       |       |     1 |       ||     1
       Apportation       |       |       |       |       |       |       |       |       |    26 ||    26
       Portal Projectile |       |       |       |       |       |       |       |       |     1 ||     1
Invok: Divine Shield     |       |       |       |     2 |    10 |     9 |     4 |     2 |     9 ||    36
       Summon Divine War |       |       |       |       |     2 |     7 |     4 |     5 |    27 ||    45
       Cleansing Flame   |       |       |       |       |     1 |     1 |       |       |    15 ||    17
       Brand Weapon With |       |       |       |       |       |       |       |       |     1 ||     1
Evoke: Wand              |       |       |       |       |       |    45 |       |       |     4 ||    49
  Use: Scroll            |       |     9 |     8 |     9 |     5 |     1 |     2 |     2 |    14 ||    50
       Potion            |       |       |     1 |     2 |     3 |       |       |     1 |    10 ||    17
Armor: Scale mail        |    51 |    45 |    36 |       |       |       |       |       |       ||   132
       Chain mail        |       |       |    87 |   262 |   585 |   622 |   136 |       |       ||  1692
       Gold dragon scale |       |       |       |       |       |       |   629 |  1114 |  2152 ||  3895
Dodge: Dodged            |    22 |    32 |    79 |   146 |   330 |   498 |   434 |   601 |  1564 ||  3706
Block: Kite shield       |    43 |    54 |   203 |   380 |  1149 |  1224 |  1217 |  1465 |  3505 ||  9240
       Reflection        |       |       |       |       |       |    75 |    61 |    52 |    72 ||   260
       Rpst.: Flail      |       |       |       |       |       |    55 |    67 |    96 |   142 ||   360
       Whip              |       |       |       |       |       |    13 |     6 |       |       ||    19
       Sacred scourge    |       |       |       |       |       |       |       |       |   116 ||   116
